 Dungeon Crawl Stone Soup version 0.27-a0-277-g024f7ef292 (webtiles) character file.

Game seed: 3014381318770419557

199 skwiii the Chopper (level 5, -2/47 HPs)
             Began as a Draconian Chaos Knight on Feb 6, 2021.
             Was a Plaything of Xom.
             Slain by an adder (4 damage)
             ... on level 2 of the Dungeon.
             The game lasted 00:05:22 (1140 turns).

skwiii the Chopper (Draconian Chaos Knight)         Turns: 1140, Time: 00:05:23

Health: -2/47      AC:  5    Str: 15    XL:     5   Next: 48%
Magic:  5/5        EV: 12    Int: 13    God:    Xom [..*...]
Gold:   51         SH:  0    Dex: 10    Spells: 4/4 levels left

rFire    . . .     SeeInvis .   k - +2 scythe (protect)
rCold    . . .     Faith    .   (shield currently unavailable)
rNeg     . . .     Spirit   .   (armour unavailable)
rPois    .         Reflect  .   (helmet restricted)
rElec    .         Harm     .   (no cloak)
rCorr    .         Rampage  .   (no gloves)
Will     .....                  (no boots)
Stlth    +.........             (no amulet)
HPRegen  0.15/turn              (no ring)
MPRegen  0.09/turn              (no ring)

@: lethally poisoned (-2 -> -4)
A: unfitting armour, cold-blooded, AC +5
a: Renounce Religion


You were on level 2 of the Dungeon.
You worshipped Xom.
You were a toy of Xom.
You visited 1 branch of the dungeon, and saw 2 of its levels.

You collected 51 gold pieces.

Inventory:

Hand Weapons
 a - a +0 hand axe of chaos
 i - a +0 dagger
 k - a +2 scythe of protection (weapon)
Armour
 h - a +0 ring mail
Scrolls
 c - a scroll of enchant armour
 d - a scroll of identify {unknown}
 f - a scroll of enchant weapon {unknown}
 g - 2 scrolls of random uselessness {unknown}
 l - a scroll of remove curse {unknown}
Potions
 b - 2 potions of lignification {unknown}
 e - 2 potions of cancellation {unknown}
 j - a potion of resistance {unknown}


   Skills:
 + Level 4.7 Fighting
 - Level 5.2(5.3) Axes
 * Level 0.8(3.3) Polearms
 - Level 2.1 Dodging


You had 4 spell levels left.
You didn't know any spells.
Your spell library was empty.

Dungeon Overview and Level Annotations

Branches:
Dungeon (2/15)

Altars:


Innate Abilities, Weirdness & Mutations

Your plain brown scales are hard. (AC +5)
You cannot fit into any form of body armour.
You are cold-blooded and may be slowed by cold attacks.


Message History

Xom revives you! The gnoll misses you. The adder bites you but does no damage.
The goblin barely misses you.
The gnoll hits you from afar with a +0 spear!
* * * LOW HITPOINT WARNING * * *
Unknown command.
You barely miss the gnoll. You tail-slap the gnoll.
You kill the gnoll!
* * * LOW HITPOINT WARNING * * *
You feel sick. The adder bites you but does no damage.
The gnoll hits you from afar with a +0 spear.
You die... "Oh, no, you don't!"
Xom revives you! The goblin barely misses you.
The worm bites you but does no damage. The adder completely misses you.
The gnoll hits you but does no damage.
Unknown command.
The adder barely misses you. The goblin barely misses you.
The gnoll hits you but does no damage. The adder bites you.
You die...

#.#.. #.#.# #.#.# #.#.# #
#<#.# ###.# #.#.# ...... #
#.#.###...... #.####
#.#wS....##.#
#....####.#@gb......#
#########......♣♣g♣..♣.♣..
............†g...♣♣♣♣♣
###########.###..♣
#[##..♣♣ #.##.♣♣ #.##.
#.### #..


You could see a worm, a gnoll, an adder, a goblin and a bat.

Vanquished Creatures
  Sigmund (D:2)
  2 gnolls (D:2)
  A dart slug (D:1)
  A leopard gecko (D:1)
  3 bats (D:1)
  5 goblins
  2 hobgoblins (D:1)
  4 jackals (D:1)
  3 kobolds (D:1)
  A quokka (D:2)
  A ball python (D:1)
  A frilled lizard (D:1)
  A rat (D:1)
26 creatures vanquished.

Notes
Turn   | Place    | Note
-------+----------+-------------------------------------------
     0 | D:1      | skwiii the Draconian Chaos Knight began the quest for the
                  | Orb.
     0 | D:1      | Reached XP level 1. HP: 19/19 MP: 1/1
    29 | D:1      | XOM: silly message
   120 | D:1      | Reached XP level 2. HP: 22/26 MP: 2/2
   469 | D:1      | XOM: divination: detect items
   765 | D:1      | XOM: god gift: dagger {god gift}
   885 | D:1      | XOM: cast spell 'Summon Small Mammal'
  1036 | D:2      | Noticed Sigmund
  1047 | D:2      | Reached XP level 3. HP: 20/33 MP: 3/3
  1050 | D:2      | Killed Sigmund
  1051 | D:2      | Reached skill level 5 in Axes
  1051 | D:2      | Reached XP level 4. HP: 20/41 MP: 4/4
  1051 | D:2      | Reached XP level 5. HP: 23/47 MP: 5/5
  1138 | D:2      | Xom revived you
  1138 | D:2      | HP: 1/47 [gnoll/+0 spear (7)]
  1139 | D:2      | Xom revived you
  1140 | D:2      | Slain by an adder

Illustrated notes

Levels and vault maps discovered:
D:1:      dpeg_arrival_rhombi, layout_basic, ebering_dispersal_statue_hall,
          minmay_pentomino_p2
D:2:      layout_loops_ring, eat_drink_and_be_merry_uskayaw,
          chequers_ecumenical_altar_grove, uniq_natasha,
          uniq_crazy_yiuf_cottage, uniq_sigmund

Skill      XL: |  1  2  3 |
---------------+----------+-----
Fighting       | 4 |  4.7
Axes           | 5 |  5.2
Polearms       | |  0.8
Dodging        | |  2.1

Action                   |  1- 3 |  4- 6 || total
-------------------------+-------+-------++-------
Melee: Hand axe          |    55 |       ||    55
       Tailslap          |     7 |     1 ||     8
       Scythe            |       |     9 ||     9
  Use: Scroll            |     1 |       ||     1
 Stab: Distracted        |     1 |       ||     1
Armor: Skin              |    27 |    20 ||    47
Dodge: Dodged            |    62 |    21 ||    83

Table legend: (Time is in decaauts)
 A = Elapsed time spent in this place.
 B = Non-inter-level travel time spent in this place.
 C = Inter-level travel time spent in this place.
 D = Time resting spent in this place.
 E = Time spent auto-exploring this place.
 F = Levels seen in this place.
 G = Mean time per level.
                   A        B        C        D        E       F      G
               +--------+--------+--------+--------+--------+-----+--------+
         Total |   1153 |   1121 |     32 |      0 |    622 |   2 |  576.5 |
       Dungeon |   1153 |   1121 |     32 |      0 |    622 |   2 |  576.5 |
               +--------+--------+--------+--------+--------+-----+--------+

Top non-repeatable levels by time:
     D:1: 1033 daAuts
     D:2: 120 daAuts
